[Event "Titled Tuesday Blitz April 12 Late 2022"]
[White "Ansh M Shah"]
[Black "Sellitti, Federico"]
[WhiteFideId "25033379"]
[BlackFideId "821829"]
[WhiteElo "1819"]
[BlackElo "2540"]
[Result "1-0"]
[Round "06"]
[TimeControl "180+1"]
[Date "2022.04.13"]
[WhiteClock "0:00:06"]
[BlackClock "0:00:03"]

1. d4 d5 2. c4 e5 3. dxe5 d4 4. Nf3 Nc6 5. a3 Bg4 6. e3 dxe3 7. Qxd8+ Rxd8 8. Bxe3 Nxe5 9. Be2 Bxf3 10. gxf3 Nf6 11. Nc3 c6 12. Bxa7 Be7 13. Be3 O-O 14. O-O Ng6 15. Rfd1 Nh5 16. Bb6 Rde8 17. Bf1 Nh4 18. Bg2 Nf4 19. Bh1 Bf6 20. Bd4 Ne2+ 21. Nxe2 Rxe2 22. Kf1 Re6 23. f4 Rfe8 24. Bxf6 Rxf6 25. Re1 Rb8 26. Re4 Ng6 27. Rae1 h5 28. Re8+ Rxe8 29. Rxe8+ Kh7 30. Be4 Rxf4 31. Bxg6+ Kxg6 32. Re7 Rxc4 33. Rxb7 h4 34. h3 f6 35. b4 Rc3 36. a4 Rxh3 37. Rb6 Ra3 38. a5 Kh5 39. Rxc6 h3 40. Kg1 Ra2 41. Kh2 Rxf2+ 42. Kxh3 Rb2 43. Rb6 g5 44. a6 f5 45. a7 Ra2 46. Rb7 Ra3+ 47. Kg2 f4 48. b5 g4 49. b6 Ra2+ 50. Kf1 g3 51. Rh7+ Kg4 52. b7 Rxa7 53. b8=Q Rxh7 54. Qg8+ Kf5 55. Qxh7+ Kg4 56. Qg6+ Kf3 57. Qd3+ Kg4 58. Kg2 1-0


[Site "https://www.chess.com"]

[Event "Titled Tuesday Blitz April 12 Late 2022"]
[White "Bilych, Olexiy"]
[Black "Sernecki, Franciszek"]
[WhiteFideId "14156504"]
[BlackFideId "1169297"]
[WhiteElo "2683"]
[BlackElo "2468"]
[Result "0-1"]
[Round "06"]
[TimeControl "180+1"]
[Date "2022.04.13"]
[WhiteClock "0:01:25"]
[BlackClock "0:00:08"]

1. e4 c6 2. d4 d5 3. e5 Bf5 4. Nf3 e6 5. Be2 Ne7 6. O-O Nd7 7. Nbd2 h6 8. Nb3 g5 9. a4 Bg7 10. a5 O-O 11. a6 b6 12. c4 f6 13. cxd5 exd5 14. exf6 Nxf6 15. Ne5 Qc8 16. Be3 Ng6 17. Rc1 Nxe5 18. dxe5 Nd7 19. Nd4 Nxe5 20. Nxc6 Nxc6 21. Qxd5+ Be6 22. Qxc6 Qe8 23. Qxe8 Rfxe8 24. b4 Bf8 25. b5 Rac8 26. h3 Ba3 27. Rxc8 Rxc8 28. Rd1 Kf7 29. Bg4 Ke7 30. Bxe6 Kxe6 31. h4 Bc5 32. Re1 Kd5 33. hxg5 Bxe3 34. Rxe3 hxg5 35. Re7 Rc1+ 36. Kh2 Rc5 37. Rxa7 Rxb5 38. Rg7 Ke4 39. a7 Ra5 40. Rb7 b5 41. Rxb5 Rxa7 42. Rxg5 Kf4 43. Rg8 Rh7+ 44. Kg1 Ra7 45. g3+ Kf3 46. Rf8+ Kg4 47. Kg2 Ra2 48. Rf4+ Kg5 49. Rb4 Re2 50. g4 Rc2 51. Kg3 Rc1 52. Rb5+ Kg6 53. f3 Rc2 54. Rb6+ Kg7 55. g5 Rc1 56. Kg4 Rd1 57. f4 Rg1+ 58. Kf5 Ra1 59. Rb7+ Kg8 60. g6 Rb1 61. Kg5 Rxb7 62. f5 Rb1 63. Kf6 Rf1 64. Kg5 Kg7 65. Kh5 Rxf5+ 66. Kg4 Kxg6 67. Kh4 Rf4+ 68. Kg3 Kg5 69. Kh3 Rf3+ 70. Kg2 Kg4 71. Kh2 Rf2+ 72. Kg1 Kg3 73. Kh1 Rf1# 0-1


[Site "https://www.chess.com"]

[Event "Titled Tuesday Blitz April 12 Late 2022"]
[White "Bordi, Kevin"]
[Black "Song, Michael"]
[WhiteFideId "621862"]
[BlackFideId "2613190"]
[WhiteElo "2777"]
[BlackElo "2274"]
[Result "1/2-1/2"]
[Round "06"]
[TimeControl "180+1"]
[Date "2022.04.12"]
[WhiteClock "0:01:56"]
[BlackClock "0:02:12"]

1. e4 e5 2. Nf3 Nf6 3. Nxe5 d6 4. Nf3 Nxe4 5. d3 Nf6 6. d4 d5 7. Bd3 Bd6 8. O-O O-O 9. Bg5 Bg4 10. h3 Bh5 11. Nbd2 Nbd7 12. c3 c6 13. Qc2 Qc7 14. Rfe1 Rfe8 15. Rxe8+ Rxe8 16. Re1 Rxe1+ 17. Nxe1 Bg6 18. Bxg6 hxg6 19. Nef3 Bf4 20. Bxf4 Qxf4 21. Qa4 a6 22. Qb4 Ne4 23. Qxb7 Nxd2 24. Nxd2 Qxd2 25. Qxd7 Qc1+ 26. Kh2 Qf4+ 27. Kh1 Qc1+ 28. Kh2 Qf4+ 29. Kg1 Qc1+ 30. Kh2 1/2-1/2


[Site "https://www.chess.com"]

[Event "Titled Tuesday Blitz April 12 Late 2022"]
[White "Bortnyk, Olexandr"]
[Black "Savchenko, Boris"]
[WhiteFideId "14120828"]
[BlackFideId "4147332"]
[WhiteElo "2723"]
[BlackElo "2557"]
[Result "1/2-1/2"]
[Round "06"]
[TimeControl "180+1"]
[Date "2022.04.12"]
[WhiteClock "0:00:06"]
[BlackClock "0:00:04"]

1. d4 c5 2. Nc3 cxd4 3. Qxd4 Nc6 4. Qa4 d5 5. Nf3 Nf6 6. Bf4 Bd7 7. O-O-O d4 8. Nxd4 Qb6 9. Ndb5 Rc8 10. Be3 Qa6 11. Qxa6 bxa6 12. Nxa7 Nxa7 13. Bxa7 e6 14. e4 Bb4 15. f3 Bxc3 16. bxc3 Bb5 17. Bxb5+ axb5 18. Bd4 O-O 19. Bxf6 gxf6 20. Kb2 Rc6 21. Rd3 h5 22. Rhd1 Rcc8 23. Rd7 Kh7 24. Rb7 Rc5 25. Rdd7 Kg6 26. Rdc7 Rg5 27. g3 h4 28. gxh4 Rh5 29. c4 bxc4 30. a4 c3+ 31. Kb3 Rxh4 32. a5 Ra8 33. Rxf7 Kg5 34. Ra7 Rb8+ 35. Rfb7 Rc8 36. a6 Rxh2 37. Rc7 Rd8 38. Rd7 Rc8 39. Rac7 Ra8 40. a7 Rh1 41. Rb7 Ra1 42. Rf7 f5 43. Kxc3 Kf4 44. Kb2 Ra5 45. exf5 exf5 46. Kb3 Kxf3 47. Kb4 Ra2 48. Kb3 Ra5 49. c4 Ke4 50. Kb4 Ra1 51. Rbe7+ Kf4 52. c5 Rb1+ 53. Ka5 Ra1+ 54. Kb6 Rb1+ 55. Kc6 Kg5 56. Rb7 Kg6 57. Rxb1 Kxf7 58. Rb8 Rxa7 59. Rb7+ Rxb7 60. Kxb7 f4 61. c6 f3 62. c7 f2 63. c8=Q f1=Q 64. Qd7+ Kg6 65. Qg4+ Kf6 66. Qh4+ Kg6 67. Qg3+ Kf6 68. Qc3+ Kg6 69. Qc2+ Qf5 70. Qg2+ Kf6 71. Qc6+ Qe6 72. Qc3+ Qe5 73. Qf3+ Qf5 74. Qc6+ Qe6 75. Qc3+ Qe5 76. Qd3 Qe6 77. Qf3+ Qf5 78. Qg2 Qe6 79. Qh2 Qf5 80. Qh8+ Kg6 81. Qg8+ Kh6 82. Qg2 Qg6 83. Qh2+ Kg7 84. Kc7 Qf7+ 85. Kd6 Qf6+ 86. Kc5 Qg5+ 87. Kd4 Qf6+ 88. Ke4 Qg6+ 89. Ke3 Qh6+ 90. Qf4 Qxf4+ 91. Kxf4 1/2-1/2


[Site "https://www.chess.com"]

[Event "Titled Tuesday Blitz April 12 Late 2022"]
[White "Bryakin, Mikhail"]
[Black "Begmuratov, Khumoyun"]
[WhiteFideId "4165314"]
[BlackFideId "14210207"]
[WhiteElo "2417"]
[BlackElo "1961"]
[Result "1/2-1/2"]
[Round "06"]
[TimeControl "180+1"]
[Date "2022.04.12"]
[WhiteClock "0:00:09"]
[BlackClock "0:00:05"]

1. e4 e5 2. d4 exd4 3. Qxd4 Nc6 4. Qd3 g6 5. Nc3 Bg7 6. a3 Nf6 7. Bd2 O-O 8. O-O-O d6 9. f4 a6 10. h3 b5 11. Nd5 Re8 12. Nxf6+ Qxf6 13. c3 b4 14. axb4 Be6 15. Qc2 Reb8 16. Nf3 a5 17. b5 a4 18. c4 a3 19. Bc3 Qxf4+ 20. Kb1 Bxc3 21. bxc3 Na5 22. Nd2 c6 23. Bd3 cxb5 24. cxb5 a2+ 25. Ka1 Qe5 26. Qb2 Qc5 27. Qb4 Qc7 28. c4 Qb6 29. Nf3 Qc5 30. Qxc5 Nb3+ 31. Kb2 Nxc5 32. Be2 Na4+ 33. Kc2 Rc8 34. Nd2 Nb6 35. Kb3 Rc5 36. Ra1 Rxb5+ 37. Kc3 Ra3+ 38. Kd4 Rc5 39. Rhc1 Nc8 40. Rc3 Ra7 41. Rc2 Ne7 42. Rcxa2 Nc6+ 43. Kc3 Rc7 44. Nb3 Rg5 45. g4 Ne5 46. Nd2 h5 47. h4 Rxg4 48. Bxg4 hxg4 49. Ra4 f5 50. exf5 gxf5 51. Rf1 g3 52. Kd4 Rg7 53. Ke3 f4+ 54. Kxf4 Nd3+ 55. Ke3 Bh3 56. Rg1 Nc5 57. Ne4 Nxa4 58. Rxg3 Bg4 59. Kf4 Be6 60. Rxg7+ Kxg7 61. Nxd6 Nc5 62. Ke5 Bg8 63. Kd4 Ne6+ 64. Ke5 Nc5 65. Kd4 Nd7 66. c5 Nb8 67. Nf5+ Kf6 68. Nd6 Nc6+ 69. Ke4 Bh7+ 70. Kf4 Ne7 71. Ne4+ Kg6 72. Ke5 Kg7 73. Nf6 Nc6+ 74. Ke6 Bb1 75. Nd5 Ba2 76. Kd6 Bxd5 77. Kxd5 Nb4+ 78. Kc4 Nc6 79. Kd5 Nb4+ 80. Ke6 Kh6 81. Kd6 Kh5 82. c6 Nxc6 83. Kxc6 Kxh4 1/2-1/2


[Site "https://www.chess.com"]

[Event "Titled Tuesday Blitz April 12 Late 2022"]
[White "Cabarkapa, Novak"]
[Black "Przybylski, Wojciech"]
[WhiteFideId "943746"]
[BlackFideId "1117599"]
[WhiteElo "2665"]
[BlackElo "2449"]
[Result "1-0"]
[Round "06"]
[TimeControl "180+1"]
[Date "2022.04.13"]
[WhiteClock "0:00:33"]
[BlackClock "0:00:17"]

1. h4 e5 2. h5 d5 3. a4 c5 4. a5 Nc6 5. a6 bxa6 6. e4 dxe4 7. Bxa6 Nf6 8. Bb5 Bb7 9. h6 g6 10. Ra6 Qc7 11. Ra4 Be7 12. Nc3 a6 13. Bc4 Nd4 14. Nge2 O-O 15. Ng3 Bc6 16. Rxa6 Qb7 17. Ra3 Qb4 18. Be2 c4 19. O-O Qb7 20. Bxc4 Bxa3 21. bxa3 Rac8 22. Ba2 Rfd8 23. a4 Qe7 24. Re1 Qf8 25. d3 exd3 26. cxd3 Qc5 27. Bd2 Bb7 28. a5 Nc6 29. Nce4 Nxe4 30. Nxe4 Qe7 31. Bg5 Qc7 32. Qf3 Rd6 33. Nxd6 Qxd6 34. Qxf7+ Kh8 35. Qg7# 1-0


[Site "https://www.chess.com"]

[Event "Titled Tuesday Blitz April 12 Late 2022"]
[White "Cagara, Paulina"]
[Black "Swicarz, Maciej"]
[WhiteFideId "1124870"]
[BlackFideId "1113585"]
[WhiteElo "1780"]
[BlackElo "2057"]
[Result "0-1"]
[Round "06"]
[TimeControl "180+1"]
[Date "2022.04.13"]
[WhiteClock "0:01:53"]
[BlackClock "0:02:16"]

1. e4 c5 2. c3 Nf6 3. e5 Nd5 4. d4 cxd4 5. cxd4 d6 6. Nf3 Nc6 7. Nc3 Nxc3 8. bxc3 dxe5 9. d5 e4 10. dxc6 Qxd1+ 11. Kxd1 exf3 12. Bb5 b6 13. gxf3 a6 14. c7+ axb5 15. Bf4 f6 16. Kc2 e5 17. Be3 Bd6 18. Bxb6 Ra6 19. Be3 Bxc7 20. Rhg1 g5 21. h4 h6 22. a3 Kf7 23. Rab1 Bf5+ 0-1


[Site "https://www.chess.com"]

[Event "Titled Tuesday Blitz April 12 Late 2022"]
[White "Dauner, Benedikt"]
[Black "Broca Jimenez, Fernando"]
[WhiteFideId "16225899"]
[BlackFideId "5104742"]
[WhiteElo "2230"]
[BlackElo "2062"]
[Result "1-0"]
[Round "06"]
[TimeControl "180+1"]
[Date "2022.04.13"]
[WhiteClock "0:00:38"]
[BlackClock "0:00:14"]

1. d4 Nf6 2. Nf3 g6 3. Nc3 Bg7 4. e4 d6 5. h3 O-O 6. Be2 Nc6 7. d5 Ne5 8. Nxe5 dxe5 9. Be3 e6 10. Bc5 Re8 11. Bb5 Bd7 12. dxe6 Rxe6 13. Bxd7 Nxd7 14. Ba3 Nb6 15. Qe2 Qd4 16. Rd1 Qc4 17. Nd5 Qxe2+ 18. Kxe2 Nxd5 19. Rxd5 Bf8 20. Bxf8 Kxf8 21. Rhd1 Rae8 22. c3 c6 23. Rd7 R6e7 24. R7d6 Re6 25. R6d3 f6 26. f3 Kf7 27. a4 b6 28. Ke3 Rc8 29. Rd7+ Re7 30. R7d6 Rcc7 31. h4 Re6 32. Rd8 Re8 33. R8d3 Ree7 34. g3 Ke8 35. Rd8+ Kf7 36. Rh8 Kg7 37. Rdd8 Rcd7 38. Rdg8+ Kh6 39. g4 Rg7 40. Rc8 Rc7 41. Rcf8 Rgf7 42. Ra8 Kg7 43. Rhg8+ Kh6 44. Kf2 g5 45. h5 Rg7 46. Rh8 Rgf7 47. Rab8 c5 48. Rbg8 Rcd7 49. Rg6# 1-0


[Site "https://www.chess.com"]

[Event "Titled Tuesday Blitz April 12 Late 2022"]
[White "De Souza, Cristiano Gomes"]
[Black "Noboa Silva, Kevin"]
[WhiteFideId "2151758"]
[BlackFideId "3618471"]
[WhiteElo "2068"]
[BlackElo "2172"]
[Result "1-0"]
[Round "06"]
[TimeControl "180+1"]
[Date "2022.04.13"]
[WhiteClock "0:01:31"]
[BlackClock "0:00:01"]

1. d4 Nf6 2. c4 g6 3. Nc3 d5 4. Bf4 Bg7 5. e3 O-O 6. Nf3 c5 7. dxc5 Qa5 8. Rc1 Na6 9. cxd5 Nxc5 10. Be2 Bg4 11. O-O Rfd8 12. Be5 Nce4 13. Nxe4 Nxe4 14. Bxg7 Kxg7 15. Qd4+ Nf6 16. e4 e6 17. e5 Nxd5 18. Qxg4 Qxa2 19. Bc4 Qxb2 20. Bxd5 Rxd5 21. Rc7 a5 22. Qf4 Rf8 23. Qf6+ Kg8 24. h4 h5 25. Re1 a4 26. Ng5 Qd2 27. Re3 Qb4 28. Rxf7 Rd1+ 29. Kh2 Qxh4+ 30. Rh3 Qb4 31. Qg7# 1-0


[Site "https://www.chess.com"]

[Event "Titled Tuesday Blitz April 12 Late 2022"]
[White "Demchenko, Anton"]
[Black "Ozates, Tuna"]
[WhiteFideId "4160258"]
[BlackFideId "6354521"]
[WhiteElo "2835"]
[BlackElo "2550"]
[Result "1-0"]
[Round "06"]
[TimeControl "180+1"]
[Date "2022.04.13"]
[WhiteClock "0:00:08"]
[BlackClock "0:00:03"]

1. e4 e5 2. Nf3 Nc6 3. Bc4 Bc5 4. d3 Nf6 5. Bg5 h6 6. Bh4 Be7 7. Bg3 d6 8. a4 Bg4 9. h3 Bh5 10. Nbd2 Nd4 11. c3 Nxf3+ 12. Nxf3 c6 13. Bb3 O-O 14. Bh2 Nd7 15. g4 Bg6 16. a5 Nc5 17. Bc2 d5 18. Qe2 f6 19. Nh4 Bh7 20. Nf5 Ne6 21. h4 a6 22. Bb3 Nc5 23. Bc2 Kf7 24. Qf3 Ne6 25. Bb3 Nc5 26. Ba2 g6 27. Ng3 Kg7 28. exd5 cxd5 29. Bxd5 Bg8 30. Be4 Nxe4 31. dxe4 Bc4 32. h5 g5 33. Nf5+ Kh7 34. Ne3 Be6 35. O-O Bc5 36. Rfd1 Qc7 37. Nf5 Rad8 38. Kg2 Bb3 39. Rxd8 Rxd8 40. Nd4 Bxd4 41. cxd4 Rxd4 42. Qxf6 Qf7 43. Qxf7+ Bxf7 44. f3 Rb4 45. Bxe5 Rb5 46. Bc3 Be6 47. Rd1 Kg8 48. Rd6 Kf7 49. Kf2 Ke7 50. Rd2 Bd7 51. Ke3 Be6 52. Rd4 Rb3 53. Rb4 Rxb4 54. Bxb4+ Kf6 55. Bc3+ Kf7 56. Be5 Bb3 57. f4 gxf4+ 58. Kxf4 Bd1 59. Bc3 Ke6 60. Bd2 Kf7 61. Kg3 Kg7 62. Kh4 Kh7 63. Bc3 Bf3 64. e5 Bd5 65. g5 hxg5+ 66. Kxg5 Be6 67. Bd2 Bd5 68. Kf6 Kg8 69. e6 Kf8 70. h6 Be4 71. Bb4+ Ke8 72. Kg7 Bd3 73. h7 Bxh7 74. Kxh7 1-0


[Site "https://www.chess.com"]

[Event "Titled Tuesday Blitz April 12 Late 2022"]
[White "Dubov, Daniil"]
[Black "Svane, Frederik"]
[WhiteFideId "24126055"]
[BlackFideId "12923044"]
[WhiteElo "2791"]
[BlackElo "2459"]
[Result "1-0"]
[Round "06"]
[TimeControl "180+1"]
[Date "2022.04.12"]
[WhiteClock "0:00:59"]
[BlackClock "0:00:14"]

1. e4 c5 2. Nf3 e6 3. d4 cxd4 4. Nxd4 Nc6 5. Nc3 a6 6. g3 h5 7. Bg2 h4 8. Nxc6 bxc6 9. e5 Qa5 10. Qe2 Ne7 11. O-O Ng6 12. Re1 Rb8 13. Bd2 Qc7 14. b3 d5 15. exd6 Bxd6 16. Ne4 Be7 17. Rad1 c5 18. Bc3 O-O 19. Nd2 Bb7 20. Nc4 Bxg2 21. Kxg2 Qc6+ 22. Qe4 Qxe4+ 23. Rxe4 Rfd8 24. Ne3 Rxd1 25. Nxd1 Rb6 26. Nb2 f6 27. Nd3 Kf7 28. Rc4 hxg3 29. hxg3 Rc6 30. Bd4 e5 31. Bxc5 e4 32. Rxe4 f5 33. Rxe7+ 1-0


[Site "https://www.chess.com"]

[Event "Titled Tuesday Blitz April 12 Late 2022"]
[White "Esipenko, Andrey"]
[Black "Moussard, Jules"]
[WhiteFideId "24175439"]
[BlackFideId "642908"]
[WhiteElo "2617"]
[BlackElo "2589"]
[Result "1-0"]
[Round "06"]
[TimeControl "180+1"]
[Date "2022.04.12"]
[WhiteClock "0:00:16"]
[BlackClock "0:00:03"]

1. d4 Nf6 2. c4 b6 3. Nc3 Bb7 4. d5 e6 5. e4 Bb4 6. Bd3 O-O 7. Ne2 c6 8. O-O cxd5 9. cxd5 exd5 10. exd5 h6 11. a3 Bxc3 12. Nxc3 d6 13. Bf4 Na6 14. Qf3 Nc5 15. Bc2 Re8 16. Rfe1 Rxe1+ 17. Rxe1 Rc8 18. h3 a6 19. Qd1 Qf8 20. Qd4 Ncd7 21. Bf5 Re8 22. Rxe8 Qxe8 23. Bxd6 Qe1+ 24. Kh2 g6 25. Bxd7 Nxd7 26. Ne4 Qa5 27. Nc3 b5 28. Qe3 Qd8 29. Qxh6 a5 30. Qe3 b4 31. axb4 axb4 32. Bxb4 Qb6 33. Qxb6 Nxb6 34. d6 f5 35. Bc5 Nd7 36. b4 Kf7 37. h4 Ke6 38. Kg3 Nf6 39. f3 Nh5+ 40. Kf2 f4 41. Ne2 Ke5 42. d7 1-0


[Site "https://www.chess.com"]

[Event "Titled Tuesday Blitz April 12 Late 2022"]
[White "Foisor, Sabina-Francesca"]
[Black "Nozdrachev, Leonid"]
[WhiteFideId "1212915"]
[BlackFideId "24113433"]
[WhiteElo "2243"]
[BlackElo "2242"]
[Result "0-1"]
[Round "06"]
[TimeControl "180+1"]
[Date "2022.04.13"]
[WhiteClock "0:00:01"]
[BlackClock "0:00:09"]

1. d4 d6 2. c4 e5 3. Nc3 Nf6 4. d5 c6 5. e4 cxd5 6. cxd5 Qa5 7. Bd3 Na6 8. Ne2 Be7 9. O-O O-O 10. Bd2 Bd8 11. a3 Qc7 12. Rc1 Qe7 13. Ng3 Bb6 14. Kh1 Ng4 15. Qe2 Qh4 16. h3 Nc5 17. Bc2 a5 18. b4 axb4 19. axb4 Na6 20. Nb5 Nxf2+ 21. Rxf2 Qxg3 22. Rf3 Qg6 23. Rcf1 Bd7 24. Be1 Nc7 25. Nxc7 Bxc7 26. Rg3 Qh6 27. Bd2 Qh4 28. Qf3 Ra2 29. Bg5 Qxg5 30. Rxg5 Rxc2 31. Qf6 g6 32. Qf3 Bb5 33. Rg1 Bb6 34. Re1 Bd4 35. h4 Rf2 36. Qg3 Rf4 37. Qh3 Bf2 38. g3 Rf6 39. Rb1 Bd3 40. Rb2 Bxe4+ 41. Kh2 Bd4 42. Re2 Bf3 43. Ra2 Bxd5 44. h5 Bxa2 45. hxg6 Rf2+ 46. Kg1 fxg6 47. Rg4 Bd5 48. Rf4 R2xf4+ 0-1


[Site "https://www.chess.com"]

[Event "Titled Tuesday Blitz April 12 Late 2022"]
[White "Friedel, Tom"]
[Black "Levin, Anthony"]
[WhiteFideId "2002108"]
[BlackFideId "30940680"]
[WhiteElo "2396"]
[BlackElo "2073"]
[Result "0-1"]
[Round "06"]
[TimeControl "180+1"]
[Date "2022.04.13"]
[WhiteClock "0:00:06"]
[BlackClock "0:00:05"]

1. e4 c5 2. Nf3 d6 3. c3 Nf6 4. Bd3 Bg4 5. Bc2 Nc6 6. d3 e6 7. Nbd2 Be7 8. O-O O-O 9. h3 Bh5 10. Re1 d5 11. Nf1 Qc7 12. Ng3 Bg6 13. Nh4 Rfd8 14. Nxg6 hxg6 15. Qe2 dxe4 16. dxe4 e5 17. Nf1 Nh5 18. Ne3 Nf4 19. Qf3 Bf6 20. Nd5 Nxd5 21. exd5 Ne7 22. Rd1 Nf5 23. Bxf5 gxf5 24. Qxf5 Rd6 25. c4 Rad8 26. Bg5 b5 27. b3 bxc4 28. bxc4 Bxg5 29. Qxg5 f6 30. Qg4 Rb8 31. Rab1 Rdb6 32. Rxb6 Rxb6 33. g3 Qd6 34. h4 Kf7 35. h5 Rb4 36. Kg2 Ra4 37. Rd2 Rb4 38. Qg6+ Kf8 39. h6 gxh6 40. Qxh6+ Ke7 41. Qg7+ Ke8 42. Qg4 a6 43. Rd1 Ke7 44. Rh1 Qxd5+ 45. cxd5 Rxg4 46. Rh7+ Kd6 47. Ra7 Kxd5 48. Rxa6 c4 49. Rxf6 c3 50. Rf3 Rc4 51. Rd3+ Ke4 52. Rd1 c2 53. Rc1 Kd3 54. f4 exf4 55. gxf4 Rxf4 56. Kg3 Rf8 57. a4 Rf5 58. Kg4 Ra5 59. Ra1 Kd2 60. Kf4 c1=Q 0-1


[Site "https://www.chess.com"]

[Event "Titled Tuesday Blitz April 12 Late 2022"]
[White "Gatterer, Florian"]
[Black "Barria Zuniga, Daniel"]
[WhiteFideId "811688"]
[BlackFideId "3400816"]
[WhiteElo "2218"]
[BlackElo "2414"]
[Result "0-1"]
[Round "06"]
[TimeControl "180+1"]
[Date "2022.04.13"]
[WhiteClock "0:00:24"]
[BlackClock "0:01:22"]

1. b3 d5 2. Nf3 Bg4 3. Bb2 Bxf3 4. exf3 e6 5. f4 Nf6 6. g3 g6 7. Bg2 Bg7 8. O-O O-O 9. d3 c5 10. Nd2 Nc6 11. a4 Nd7 12. Bxg7 Kxg7 13. c4 Nb4 14. Nf3 Qf6 15. Qe2 Rad8 16. Ne5 Nxe5 17. fxe5 Qf5 18. cxd5 exd5 19. d4 cxd4 20. Qd2 Nc6 21. f4 f6 22. exf6+ Qxf6 23. b4 Rfe8 24. Rfe1 Re3 25. b5 Ne7 26. Rac1 Nf5 27. Rc7+ Kh8 28. Rxb7 Rde8 29. Rf1 d3 30. Kh1 Qd4 31. Qc1 d2 32. Qc7 R3e7 0-1


[Site "https://www.chess.com"]

[Event "Titled Tuesday Blitz April 12 Late 2022"]
[White "Gharibyan, Mamikon"]
[Black "Koelle, Tobias"]
[WhiteFideId "13308300"]
[BlackFideId "16207378"]
[WhiteElo "2254"]
[BlackElo "2541"]
[Result "0-1"]
[Round "06"]
[TimeControl "180+1"]
[Date "2022.04.12"]
[WhiteClock "0:00:10"]
[BlackClock "0:00:20"]

1. c4 Nf6 2. Nc3 e6 3. d4 Bb4 4. e3 c5 5. Bd3 Nc6 6. Ne2 cxd4 7. exd4 d5 8. cxd5 Nxd5 9. O-O O-O 10. a3 Be7 11. Ne4 b6 12. Nf4 Bb7 13. Qh5 g6 14. Qh3 Nxd4 15. Rd1 Nb3 16. Nxd5 exd5 17. Bh6 Nxa1 18. Bb1 dxe4 19. Rxd8 Rfxd8 20. Qg4 Nb3 21. h4 Nc5 22. h5 Bc8 23. Qe2 Bf5 24. b4 Nd3 25. Ba2 Rac8 26. g4 Nc1 27. Bxc1 Rxc1+ 28. Kg2 Bd7 29. hxg6 hxg6 30. Qe3 Rd1 31. Qf4 Be8 32. b5 R1d2 33. Bb3 Bc5 34. Qg5 Rxf2+ 35. Kh1 Rd6 36. Qe5 Bd7 37. Qxe4 Be6 38. Bc2 Bd5 0-1


[Site "https://www.chess.com"]

[Event "Titled Tuesday Blitz April 12 Late 2022"]
[White "Harish, Neeraj"]
[Black "Petrova, Irina"]
[WhiteFideId "30958130"]
[BlackFideId "14124122"]
[WhiteElo "1574"]
[BlackElo "1993"]
[Result "0-1"]
[Round "06"]
[TimeControl "180+1"]
[Date "2022.04.13"]
[WhiteClock "0:00:15"]
[BlackClock "0:00:24"]

1. e4 d6 2. d4 Nf6 3. Nc3 e5 4. Nf3 Nbd7 5. Rg1 g6 6. g4 Bg7 7. g5 Nh5 8. Be3 c6 9. Qd2 Qa5 10. O-O-O O-O 11. d5 c5 12. Kb1 a6 13. h4 b5 14. Bh3 c4 15. Bg4 Nf4 16. Bxf4 exf4 17. Nd4 b4 18. Nce2 c3 19. bxc3 bxc3 20. Qxc3 Rb8+ 21. Ka1 Qxc3+ 22. Nxc3 Ne5 23. Bxc8 Rfxc8 24. Nce2 Nf3 25. c3 Nxg1 26. Rxg1 f3 27. Nxf3 Bxc3+ 28. Nxc3 Rxc3 29. Nd4 Rc4 30. Nc6 Rb5 31. f3 Rc3 32. f4 Kg7 33. Rd1 Rbc5 34. e5 Rc1+ 35. Rxc1 Rxc1+ 36. Kb2 Rd1 37. Ne7 dxe5 38. fxe5 Kf8 39. d6 Rd4 40. Nc6 Rd5 41. Kb3 Ke8 42. Kc4 Rd2 43. a4 Rh2 44. Kd5 Rxh4 45. e6 fxe6+ 46. Kxe6 Re4+ 47. Ne5 Kd8 48. d7 Rxe5+ 49. Kxe5 Kxd7 50. Kf6 Kd6 51. Kg7 Ke5 52. Kxh7 Kf5 53. Kh6 a5 54. Kh7 Kxg5 55. Kg7 Kf5 56. Kf7 g5 0-1


[Site "https://www.chess.com"]

[Event "Titled Tuesday Blitz April 12 Late 2022"]
[White "Hartikainen, Jarmo"]
[Black "Antonova, Nadezhda"]
[WhiteFideId "503134"]
[BlackFideId "14700182"]
[WhiteElo "2114"]
[BlackElo "1789"]
[Result "0-1"]
[Round "06"]
[TimeControl "180+1"]
[Date "2022.04.13"]
[WhiteClock "0:00:04"]
[BlackClock "0:00:15"]

1. e4 c5 2. c3 d5 3. exd5 Qxd5 4. d4 Nf6 5. Nf3 Bg4 6. Be2 Nc6 7. O-O e6 8. dxc5 Bxc5 9. Qxd5 Nxd5 10. a3 O-O 11. c4 Nf6 12. b4 Be7 13. Be3 Rac8 14. Nc3 b6 15. Rfd1 Bxf3 16. Bxf3 Ne5 17. Nb5 Nxc4 18. Nxa7 Nxe3 19. Nxc8 Rxc8 20. fxe3 Rc3 21. e4 g6 22. Rdc1 Re3 23. Re1 Rc3 24. Rec1 Rb3 25. Rc6 b5 26. Rb6 Kg7 27. Rxb5 Nd7 28. Kf1 Bf6 29. Ra2 Ne5 30. Ke2 Nc4 31. a4 Nd6 32. Rb6 Nc4 33. Rb7 Na5 34. Rb5 Nc6 35. a5 Nd4+ 36. Kd1 Nxb5 37. a6 Na7 38. Ra4 Be7 39. Be2 Rxb4 40. Rxb4 Bxb4 41. Kc2 Kf6 42. h3 Ke5 43. Bd3 Bc5 44. Kb3 Kd4 45. Bc2 f5 46. Ka4 fxe4 47. Bd1 e3 48. Be2 Kc3 49. Ka5 Kd2 50. Bf3 e2 51. Bxe2 Kxe2 0-1


[Site "https://www.chess.com"]

[Event "Titled Tuesday Blitz April 12 Late 2022"]
[White "Hnydiuk, Aleksander"]
[Black "Fernandez Siles, Luis"]
[WhiteFideId "1109057"]
[BlackFideId "2209420"]
[WhiteElo "2374"]
[BlackElo "2212"]
[Result "1-0"]
[Round "06"]
[TimeControl "180+1"]
[Date "2022.04.13"]
[WhiteClock "0:00:09"]
[BlackClock "0:00:16"]

1. Nf3 Nf6 2. c4 g6 3. g3 Bg7 4. Bg2 O-O 5. d4 d6 6. Nc3 c6 7. O-O Qa5 8. e4 e5 9. h3 exd4 10. Nxd4 Qc5 11. Nb3 Qb4 12. Bf4 Ne8 13. Qd3 a5 14. Rab1 a4 15. Nd4 a3 16. Nc2 Qa5 17. b4 Qa6 18. Rb3 Be6 19. Rxa3 Qxa3 20. Nxa3 Rxa3 21. Rc1 Na6 22. Qd2 Bxc4 23. b5 cxb5 24. Bf1 Nc5 25. Nxb5 Rxa2 26. Qd1 Bxf1 27. Qxf1 Nxe4 28. Qc4 Ra5 29. Qxe4 Rxb5 30. Rb1 Rxb1+ 31. Qxb1 Be5 32. Be3 Ng7 33. Qxb7 Ne6 34. Kg2 Bd4 35. Bxd4 Nxd4 36. Qd5 Nf5 37. g4 Ng7 38. Qxd6 g5 39. f4 gxf4 40. Qxf4 Ne6 41. Qe5 Rc8 42. h4 Rc5 43. Qe4 Kg7 44. Kf2 Rc3 45. Qe5+ 1-0


[Site "https://www.chess.com"]

[Event "Titled Tuesday Blitz April 12 Late 2022"]
[White "Iskusnyh, Sergei"]
[Black "profaVa"]
[WhiteFideId "4120027"]
[WhiteElo "2492"]
[BlackElo "2418"]
[Result "1-0"]
[Round "06"]
[TimeControl "180+1"]
[Date "2022.04.13"]
[WhiteClock "0:00:03"]
[BlackClock "0:00:07"]

1. d4 d5 2. c4 e5 3. dxe5 d4 4. Nf3 Nc6 5. Nbd2 Qe7 6. Nb3 Bg4 7. Nbxd4 Rd8 8. e3 Qb4+ 9. Qd2 Bxf3 10. gxf3 Nxd4 11. exd4 Rxd4 12. Qxb4 Bxb4+ 13. Ke2 Rxc4 14. Rg1 Ne7 15. Be3 Rc2+ 16. Kd3 Rxb2 17. Rxg7 Nf5 18. Rg4 Nxe3 19. fxe3 Ke7 20. Rc4 c5 21. a3 Rb3+ 22. Ke4 Rxa3 23. Rd1 Rd8 24. Rxd8 Kxd8 25. Kd5 Rxe3 26. Rf4 Ke7 27. h4 Bc3 28. Rf5 b6 29. f4 Re1 30. Bc4 f6 31. exf6+ Bxf6 32. Rh5 Kf8 33. Rxh7 Bg7 34. Rh5 Rd1+ 35. Kc6 Rd4 36. Rf5+ Ke8 37. Bb5 Ke7 38. Kb7 Rd6 39. Kxa7 Bd4 40. Bc4 Rh6 41. Rf7+ Kd6 42. Kxb6 Be3 43. f5 Rxh4 44. Be6 Ke5 45. Rd7 Rf4 46. Rd5+ Kf6 47. Kc6 c4 48. Rd6 Kg5 49. Rd8 c3 50. Rg8+ Kf6 51. Rg6+ Ke5 52. Rg2 Bd2 53. Bb3 Kd4 54. Bc2 Ke3 55. Rg3+ Ke2 56. Rg2+ Ke3 57. Kd5 Be1 58. Ke6 Bh4 59. Rh2 Bg3 60. Rg2 Rf3 61. Bd1 Bh4 62. Bxf3 Kxf3 63. Rc2 Be1 64. f6 Ke3 65. f7 Kd3 66. Rxc3+ Bxc3 67. f8=Q Bd4 68. Qf5+ Ke3 69. Kd5 Bc3 70. Qg4 Bd2 71. Qg3+ Ke2 72. Ke4 Kf1 73. Qh2 Be3 74. Kf3 Bg1 75. Qe2# 1-0


[Site "https://www.chess.com"]